 Dungeon Crawl Stone Soup version 0.25-a0-815-gab441bd002 (webtiles) character file.

Game seed: 679205048581595872, levelgen mode: deterministic

147 Maedhros the Charlatan (level 5, -4/33 HPs)
             Began as an Octopode Artificer on Apr 20, 2020.
             Shot with an arrow by a centaur (5 damage)
             ... on level 5 of the Dungeon.
             The game lasted 00:02:54 (413 turns).

Maedhros the Charlatan (Octopode Artificer)          Turns: 413, Time: 00:02:55

Health: -4/33      AC:  2    Str: 11    XL:     5   Next: 29%
Magic:  8/8        EV: 13    Int: 13    God:
Gold:   45         SH:  0    Dex: 14    Spells: 4/4 levels left

rFire    . . .     SeeInvis .   a - +0 short sword
rCold    . . .     Gourm    .   (no shield)
rNeg     . . .     Faith    .   (helmet restricted)
rPois    .         Spirit   .   l - amulet of magic regeneration
rElec    .         Reflect  .   k - +1 ring of protection
rCorr    .         Harm     .   (no ring)
MR       .....                  (no ring)
Stlth    +++.......             (no ring)
HPRegen  0.11/turn              (no ring)
MPRegen  0.36/turn              (no ring)
                                (no ring)
                                (no ring)

@: no status effects
A: almost no armour, stealthy swim, amphibious, 8 rings, constrict 8, camouflage
1, gelatinous body 1
a: no special abilities


You were on level 5 of the Dungeon.
You were not hungry.

You visited 1 branch of the dungeon, and saw 6 of its levels.

You collected 45 gold pieces.

Inventory:

Hand Weapons
 a - a +0 short sword (weapon)
Missiles
 s - 12 poisoned darts (quivered)
Jewellery
 k - a +1 ring of protection (left tentacle)
 l - an amulet of magic regeneration (around mantle)
Wands
 b - a wand of flame (9)
 c - a wand of enslavement (8)
 d - a wand of random effects (15)
Scrolls
 e - a scroll of remove curse {unknown}
 h - 2 scrolls of identify {unknown}
 p - a scroll of teleportation {unknown}
 q - a scroll of summoning {unknown}
Potions
 g - 2 potions of might {unknown}
 i - a potion of degeneration {unknown}
 j - a potion of heal wounds {unknown}
 m - a potion of flight {unknown}
 n - a potion of haste {unknown}
 o - a potion of brilliance {unknown}
 r - 2 potions of ambrosia {unknown}
Comestibles
 f - 3 rations


   Skills:
 - Level 1.0 Fighting
 - Level 1.0 Short Blades
 - Level 2.0 Dodging
 + Level 3.6 Stealth
 * Level 3.2 Unarmed Combat
 + Level 4.2 Evocations


You had 4 spell levels left.
You didn't know any spells.
Your spell library was empty.

Dungeon Overview and Level Annotations

Branches:
Dungeon (6/15)
 Temple: D:4-7

Altars:

Shops:
D:4 !


Innate Abilities, Weirdness & Mutations

You cannot wear most types of armour.
You are very stealthy in the water. (Stealth+)
You are amphibious.
You can wear up to eight rings at the same time.
You can use your tentacles to constrict eight enemies at once.
Your skin changes colour to match your surroundings (Stealth+).
Your rubbery body absorbs attacks. (AC +1, EV +1)


Message History

r - Retreat! s - Stop attacking. g - Guard the area. f - Follow me.
Anything else - Cancel.
Guard this area!
You feel a bit more experienced.
f - 3 rations (gained 1);
r - 2 emerald potions The centaur is no longer charmed.
You see here 12 poisoned darts.
s - 12 poisoned darts The centaur shouts!
The centaur wields a +0 shortbow.
The centaur shoots an arrow.
The arrow closely misses you.
The centaur shoots an arrow.
The arrow hits you!
* * * LOW HITPOINT WARNING * * *
Evoke which item? (* to show all) (? for menu, Esc to quit)
Aiming: Enslavement
Press: ? - help, Shift-Dir - straight line, f/p - centaur
Aim: a centaur, wielding a +0 shortbow and quivering 23 arrows (chance to defeat MR: 58%)
The centaur resists with significant effort.
The centaur shoots an arrow.
The arrow hits you.
You die...

.#. .. ....... #..
.......##.. ........#.##
...........##
...........#
......##..####
....#(.....#.##
....#.@.......# #####
...............####...##
..............##.......#
#............c...#.....#
.................##.....
......#.<....#..###.###.
....####...####..##.####
..## #..## #...#.....
##.## ##...#..#..


You could see a centaur.

Vanquished Creatures
  A scorpion (D:5)
  A crimson imp (D:5)
  A worker ant (D:5)
  2 adders
  An adder skeleton (D:4)
  An orc (D:5)
  A hobgoblin (D:2)
  2 frilled lizards
  A kobold (D:1)
11 creatures vanquished.

Vanquished Creatures (collateral kills)
  A scorpion (D:5)
  2 orcs
3 creatures vanquished.

Vanquished Creatures (others)
  An orc priest (D:5)
1 creature vanquished.

Grand Total: 15 creatures vanquished

Notes
Turn   | Place    | Note
-------+----------+-------------------------------------------
     0 | D:1      | Maedhros the Octopode Artificer began the quest for the
                  | Orb.
     0 | D:1      | Reached XP level 1. HP: 13/13 MP: 3/3
   116 | D:2      | Reached skill level 1 in Unarmed Combat
   116 | D:2      | Reached XP level 2. HP: 11/18 MP: 4/4
   132 | D:3      | You fall into a shaft and drop 1 floor!
   132 | D:4      | Found Haojoliu's Distillery.
   139 | D:4      | Reached XP level 3. HP: 9/23 MP: 5/5
   224 | D:5      | Entered Level 5 of the Dungeon
   224 | D:5      | Noticed a scorpion
   225 | D:5      | Noticed a scorpion
   241 | D:5      | Killed a scorpion
   241 | D:5      | Reached XP level 4. HP: 19/28 MP: 6/6
   249 | D:5      | Noticed a centaur
   319 | D:5      | Reached skill level 4 in Evocations
   343 | D:5      | Reached XP level 5. HP: 9/33 MP: 8/8
   358 | D:5      | Noticed a sky beast
   381 | D:5      | Noticed a centaur
   412 | D:5      | HP: 1/33 [centaur/arrow (10)]
   413 | D:5      | Shot with an arrow by a centaur

Levels and vault maps discovered:
D:1:      minmay_arrival_five_plusses, layout_basic
D:2:      layout_loops_ring
D:3:      layout_basic
D:4:      layout_basic, minmay_temple_entry_junction, first_ration,
          serial_shops, nicolae_shop_waterfront, uniq_menkaure
D:5:      layout_cave_pools
D:6:      layout_basic, nicolae_dithmenos_shadow_blocks, minmay_starry_boxes

Skill      XL: |  1  2  3  4 |
---------------+-------------+-----
Stealth        | 2 3 |  3.6
Unarmed Combat | 1 2 3 |  3.2
Evocations     | 4 |  4.2
Fighting       | |  1.0
Short Blades   | |  1.0
Dodging        | |  2.0

Action                   |  1- 3 |  4- 6 || total
-------------------------+-------+-------++-------
Melee: Short sword       |     8 |    12 ||    20
       Constrict         |     2 |     2 ||     4
       Tentacles         |     2 |     2 ||     4
       Punch             |       |     1 ||     1
Evoke: Wand              |     3 |    10 ||    13
 Stab: Sleeping          |     3 |       ||     3
Dodge: Dodged            |     2 |     6 ||     8

Table legend:
 A = Non-vault XP
 B = Vault XP
 C = Vault XP percentage of total XP
 D = Non-vault monster count
 E = Vault monster count
 F = Vault count percentage of total count
                 A         B        C        D         E       F
            +---------+---------+-------+---------+---------+-------
      Total |     211 |       0 |   0.0 |      14 |       0 |   0.0
            +---------+---------+-------+---------+---------+-------
        D:1 |       2 |       0 |   0.0 |       2 |       0 |   0.0
        D:2 |      16 |       0 |   0.0 |       2 |       0 |   0.0
        D:4 |      19 |       0 |   0.0 |       3 |       0 |   0.0
        D:5 |     172 |       0 |   0.0 |       6 |       0 |   0.0
        D:6 |       2 |       0 |   0.0 |       1 |       0 |   0.0
            +---------+---------+-------+---------+---------+-------
